 Dungeon Crawl Stone Soup version 0.29.0-11-gd7f09526c8 (webtiles) character file.

Game seed: 5181650157038509413

25 Armakuni the Sneak (level 2, -1/25 HPs)
             Began as a Demigod Delver on Sept 2, 2022.
             Killed by divine providence
             ... invoked by an orc priest
              (13 damage)
             ... on level 3 of the Dungeon.
             The game lasted 00:01:58 (230 turns).

Armakuni the Sneak (Demigod Delver)                  Turns: 230, Time: 00:01:58

Health: -1/25      AC:  5    Str: 17    XL:     2   Next: 66%
Magic:  4/4        EV: 12    Int: 14    God:
Gold:   60         SH:  0    Dex: 15    Spells: 1/1 levels left

rFire   + . .      SeeInvis .   a - +5 rapier of Cietonguinn {flame, rElec Will+ Str+4}
rCold   . . .      Faith    .   (no shield)
rNeg    . . .      Spirit   .   b - +0 leather armour
rPois   .          Reflect  .   (no helmet)
rElec   +          Harm     .   (no cloak)
rCorr   .          Rampage  .   i - +1 pair of gloves
Will    +....                   (no boots)
Stlth   +++.......              (no amulet)
HPRegen 0.08/turn               F - ring of Fauttuokh {rF+ Int+2}
MPRegen 0.09/turn               (no ring)

@: no status effects
A: high MP 1, forlorn, divine attributes
a: no special abilities


You were on level 3 of the Dungeon.
You visited 1 branch of the dungeon, and saw 4 of its levels.

You collected 60 gold pieces.

Inventory:

Hand Weapons
 a - the +5 rapier of Cietonguinn (weapon) {flame, rElec Will+ Str+4}
   (You found it on level 4 of the Dungeon)

   It burns those it strikes, dealing additional fire damage.
   Str:       It affects your strength (+4).
   rElec:     It insulates you from electricity.
   Will:      It increases your willpower.
 h - a +0 mace
Missiles
 k - 2 javelins (quivered)
 l - 9 poisoned darts
Armour
 b - a +0 leather armour (worn)
 i - a +1 pair of gloves (worn)
Jewellery
 F - the ring of Fauttuokh (left hand) {rF+ Int+2}
   (You found it on level 5 of the Dungeon)

   [ring of protection from fire]

   Int:       It affects your intelligence (+2).
   rF:        It protects you from fire.
Wands
 g - a wand of digging (2)
Scrolls
 c - a scroll of fog
 d - a scroll of magic mapping
 j - a scroll of identify {unknown}
Potions
 e - 2 potions of mutation {unknown}
 f - a potion of haste
 m - a potion of lignification {unknown}
 n - a potion of degeneration {unknown}


   Skills:
 - Level 2.6 Fighting
 - Level 1.7(2.3) Maces & Flails
 + Level 2.3(2.7) Staves
 - Level 1.7 Dodging
 - Level 4.5 Stealth


You had one spell level left.
You didn't know any spells.
Your spell library was empty.

Dungeon Overview and Level Annotations

Branches:
Dungeon (6/15)
 Temple: D:4-7

Shops:
D:6 *


Innate Abilities, Weirdness & Mutations

You have an increased reservoir of magic. (+10% MP)
You shall have no god before yourself.
Your divine heritage dramatically boosts your attributes as you level up.


Message History

You kill the bat!
The adder bites you but does no damage.
Your Staves skill increases to level 1!
You hit the adder. You burn the adder.
The adder is severely wounded.
The adder closely misses you.
You closely miss the adder.
The adder is severely wounded.
The adder bites you but does no damage. The adder barely misses you.
You puncture the adder! You burn the adder.
You kill the adder!
The adder bites you but does no damage.
You have reached level 2!
You puncture the adder! You burn the adder.
The adder is severely wounded.
The adder misses you.
You hit the adder. You burn the adder.
You kill the adder!
Your Staves skill increases to level 2!
You puncture the kobold! You burn the kobold.
You kill the kobold!
You hit the hobgoblin. You burn the hobgoblin.
You kill the hobgoblin!
No target in view!
An orc comes into view. It is wielding a +0 short sword.
The orc moves out of view.
Items here: ( ) ††.
Okay, then.
An orc and an orc priest come into view.
The orc priest shouts!
The orc priest calls down the wrath of Beogh upon you.
Beogh smites you!
Ouch! That really hurt!
Okay, then.
Unknown command.
Found a scroll labelled ELOMIU KEFUSU.
The orc priest calls down the wrath of Beogh upon you.
Beogh smites you!
Ouch! That really hurt!
You die...

### #..?.
####...###
#.@.......
#.#.######
##.#.# ##..#.#
###..##.#
##...## .#
#..### .#
#######o## .#
#......o######..


You could see an orc priest.

Vanquished Creatures
  2 adders (D:3)
  A bat (D:3)
  A goblin (D:4)
  2 hobgoblins
  A kobold (D:3)
7 creatures vanquished.

Notes
Turn   | Place    | Note
-------+----------+-------------------------------------------
     0 | D:5      | Armakuni the Demigod Delver began the quest for the Orb.
     0 | D:5      | Reached XP level 1. HP: 18/18 MP: 3/3
     1 | D:6      | Noticed an iguana
     1 | D:6      | Found Baxt's General Store.
    53 | D:5      | Identified the ring of Fauttuokh {rF+ Int+2}
    82 | D:5      | Noticed a black bear
    85 | D:5      | Noticed a hound
   159 | D:4      | Identified the +5 rapier of Cietonguinn {flame, rElec Will+
                  | Str+4}
   205 | D:3      | Reached skill level 1 in Staves
   208 | D:3      | Reached XP level 2. HP: 23/25 MP: 4/4
   230 | D:3      | Killed from afar by an orc priest

Illustrated notes

Levels and vault maps discovered:
D:3:      layout_basic, serial_shops, shop, minmay_fractal_squares_5
D:4:      layout_layer_cave, nicolae_sif_muna_condensation, okawaru_trees_1,
          serial_shops, shop, due_unseen_surprise
D:5:      layout_rooms, grunt_temple_overflow_diamond, grunt_decor_one_mirror,
          chequers_serial_rivers_small_3, minmay_misc_feat_tower, hex_medium,
          minmay_misc_feat_four_crosses, dreamdust_princess_corridor
D:6:      layout_cave_pools, lemuel_doored_altar,
          minmay_temple_entry_statues_fountains, chequers_serial_rivers_marsh,
          minmay_misc_feat_diagonals, hangedman_abyss_or_decor_lesser_grid,
          nicolae_stop_n_shop_1, lightli_orcish_oven

Skill      XL: |  1  2 |
---------------+-------+-----
Staves         | 1 2 |  2.3
Fighting       | |  2.6
Maces & Flails | |  1.7
Dodging        | |  1.7
Stealth        | |  4.5

Action                   || total
-------------------------++-------
Melee: Mace              ||    13
       Rapier            ||     8
Evoke: Wand              ||     1
  Use: Scroll            ||     1
       Potion            ||     1
Armor: Leather armour    ||     6
Dodge: Dodged            ||    15
